 Dungeon Crawl Stone Soup version 0.30-a0-956-gcec3b41aec (webtiles) character file.

Game seed: 16161953231734095289

57 grindst0ne the Covered (level 3, -6/33 HPs)
             Began as an Armataur Fighter on Mar 29, 2023.
             Mangled by a gnoll
             ... wielding a +0 flail
              (11 damage)
             ... on level 1 of the Dungeon.
             The game lasted 00:02:13 (950 turns).

grindst0ne the Covered (Armataur Fighter)            Turns: 950, Time: 00:02:13

Health: -6/33      AC:  6    Str: 21    XL:     3   Next: 73%
Magic:  3/3        EV:  7    Int: 10    God:
Gold:   59         SH:  4    Dex:  9    Spells: 2/2 levels left

rFire   . . .      SeeInvis .    a - +0 long sword
rCold   . . .      Faith    .    c - +0 buckler
rNeg    . . .      Spirit   .    b - +0 scale mail
rPois   .          Reflect  .    (no helmet)
rElec   .          Roll     +    (no cloak)
rCorr   .                        (no gloves)
Will    .....                    (no barding) Stlth
                                 (no amulet)
HPRegen 0.25/turn                (no ring)
MPRegen 0.08/turn                (no ring)

@: no status effects
A: large, rugged brown scales 3, deformed body, armoured tail, roll, long
tongue, awkward tongue
a: no special abilities


You were on level 1 of the Dungeon.
You visited 1 branch of the dungeon, and saw 2 of its levels.

You collected 59 gold pieces.

Inventory:

Hand Weapons
 a - a +0 long sword (weapon)
Armour
 b - a +0 scale mail (worn)
 c - a +0 buckler (worn)
Scrolls
 e - a scroll of teleportation {unknown}
 g - a scroll of enchant weapon {unknown}
Potions
 d - a potion of might


   Skills:
 + Level 3.5 Fighting
 + Level 2.9 Long Blades
 - Level 3.6 Armour
 - Level 3.2 Shields


You had 2 spell levels left.
You didn't know any spells.
Your spell library was empty.

Dungeon Overview and Level Annotations

Branches:
Dungeon (2/15)

Altars:


Innate Abilities, Weirdness & Mutations

You are completely covered in rugged brown scales. (AC +3, +7% HP)
Armour fits poorly on your strangely shaped body.
You have a long armoured tail.
You roll when moving toward enemies. (Rampage)
Your long tongue fully drains potion bottles. (2x potion effects)
Your tongue gives you trouble enunciating. (1.5x scroll delay)


Message History

It was a potion of curing.
You feel better.
You slurp down every last drop of the potion of curing!
You block the bat's attack. The bat hits you but does no damage.
The jackal bites you but does no damage.
You block the gnoll's attack.
You roll towards the bat!
You miss the bat. The bat closely misses you. The jackal completely misses you.
You roll towards the bat!
You block the bat's attack.
You roll towards the jackal!
You barely miss the jackal. The bat barely misses you.
The jackal bites you but does no damage. x2
The bat barely misses you.
You hit the jackal.
The jackal is severely wounded.
The bat hits you.
The jackal bites you but does no damage. x2
You hit the jackal.
You kill the jackal!
You block the bat's attack.
You roll towards the gnoll!
You barely miss the gnoll. The gnoll barely misses you.
You closely miss the gnoll.
Your tail-slap misses the gnoll.
The gnoll closely misses you. You block the gnoll's attack.
You completely miss the gnoll. The bat barely misses you.
The gnoll hits you with a +0 flail.
You closely miss the gnoll. You tail-slap the gnoll.
The gnoll is lightly wounded.
The bat hits you but does no damage. The gnoll hits you with a +0 flail.
You hit the gnoll but do no damage.
The gnoll is lightly wounded.
The bat barely misses you. The gnoll barely misses you. The bat hits you.
The gnoll hits you with a +0 flail.
You hit the gnoll but do no damage.
The gnoll is lightly wounded.
The bat hits you. The gnoll hits you with a +0 flail!
* * * LOW HITPOINT WARNING * * *
You hit the gnoll but do no damage.
Your tail-slap misses the gnoll.
The gnoll is lightly wounded.
The gnoll hits you with a +0 flail!
You die...

########.#....#.####.
#........#...#.......
#.#######.......####.
#.# #.#.##..# #. #.#
#.#.##..# #. #.#
#.#.##..# #. #.#
#.#.##..# ##
#.#######.......# #
#...@gh####)##### #
#..###g# ##.## # #..#
#.###.#.########
#..###g...###........
#...######.#.####.###
#.#.# ##.## #.# #
#.#.# ####.#####.# #
#.#.# #.......##.# #
#.#.## #.##.##.##.# #


You could see 2 gnolls and a jackal.

Vanquished Creatures
  A gnoll (D:1)
  An adder (D:1)
  A dart slug (D:1)
  3 ball pythons (D:1)
  A bat (D:1)
  5 endoplasms (D:1)
  A giant cockroach (D:1)
  2 goblins (D:1)
  5 hobgoblins (D:1)
  3 jackals (D:1)
  A quokka (D:1)
  5 frilled lizards (D:1)
  5 rats (D:1)
34 creatures vanquished.

Notes
Turn   | Place    | Note
-------+----------+-------------------------------------------
     0 | D:1      | grindst0ne the Armataur Fighter began the quest for the
                  | Orb.
     0 | D:1      | Reached XP level 1. HP: 19/19 MP: 1/1
   163 | D:1      | Reached XP level 2. HP: 19/27 MP: 2/2
   431 | D:1      | Reached XP level 3. HP: 33/33 MP: 3/3
   732 | D:1      | Found a faded altar of an unknown god.
   950 | D:1      | Mangled by a gnoll

Illustrated notes

Levels and vault maps discovered:
D:1:      dpeg_arrival_orchard, layout_loops_ring,
          shapermc_ecumenical_altar_ellora, grunt_decor_one_mirror
D:2:      layout_rooms

Skill      XL: |  1 |
---------------+----+-----
Long Blades    | 2 |  2.9
Fighting       | 3 |  3.5
Armour         | |  3.6
Shields        | |  3.2

Action                     || total
---------------------------++-------
  Melee: Long sword        ||   118
         Tailslap          ||     6
    Use: Potion            ||     1
   Stab: Distracted        ||     1
 Armour: Scale mail        ||    83
  Dodge: Dodged            ||    66
  Block: Buckler           ||    28

Table legend: (Time is in decaauts)
 A = Elapsed time spent in this place.
 B = Non-inter-level travel time spent in this place.
 C = Inter-level travel time spent in this place.
 D = Time resting spent in this place.
 E = Time spent auto-exploring this place.
 F = Levels seen in this place.
 G = Mean time per level.
                   A        B        C        D        E       F      G
               +--------+--------+--------+--------+--------+-----+--------+
         Total |    988 |    946 |     42 |      0 |    624 |   2 |  494.0 |
       Dungeon |    988 |    946 |     42 |      0 |    624 |   2 |  494.0 |
               +--------+--------+--------+--------+--------+-----+--------+

Top non-repeatable levels by time:
     D:1: 981 daAuts
     D:2: 6 daAuts
